 Dungeon Crawl Stone Soup version 0.29.1 (webtiles) character file.

Game seed: 4244196929707553826

49 safid the Shooter (level 3, -1/31 HPs)
             Began as a Minotaur Hunter on Sept 13, 2022.
             Killed from afar by Sigmund (8 damage)
             ... with a magic dart
             ... on level 2 of the Dungeon.
             The game lasted 00:02:11 (1459 turns).

safid the Shooter (Minotaur Hunter)                 Turns: 1459, Time: 00:02:12

Health: -1/31      AC:  9    Str: 15    XL:     3   Next: 53%
Magic:  2/2        EV:  7    Int:  6    God:
Gold:   123        SH:  0    Dex: 15    Spells: 2/2 levels left

rFire   . . .      SeeInvis .   a - +0 shortbow
rCold   . . .      Faith    .   (shield currently unavailable)
rNeg    . . .      Spirit   .   o - +0 chain mail
rPois   .          Reflect  .   (helmet restricted)
rElec   .          Harm     .   j - +0 cloak
rCorr   .          Rampage  .   (no gloves)
Will    .....                   (no boots)
Stlth   ..........              (no amulet)
HPRegen 0.10/turn               (no ring)
MPRegen 0.08/turn               (no ring)

@: no status effects
A: horns 2, retaliatory headbutt
a: no special abilities


You were on level 2 of the Dungeon.
You visited 1 branch of the dungeon, and saw 2 of its levels.

You collected 123 gold pieces.

Inventory:

Hand Weapons
 a - a +0 shortbow (weapon)
Missiles
 k - 3 poisoned darts
Armour
 j - a +0 cloak (worn)
 o - a +0 chain mail (worn)
Scrolls
 b - a scroll of summoning {unknown}
 d - 2 scrolls of identify {unknown}
 g - a scroll of amnesia {unknown}
 i - a scroll of torment {unknown}
 l - a scroll of noise {unknown}
 p - a scroll of fear {unknown}
 q - a scroll of enchant armour {unknown}
Potions
 c - a potion of brilliance {unknown}
 e - a potion of flight {unknown}
 f - 2 potions of ambrosia {unknown}
 h - a potion of curing {unknown}
 m - a potion of berserk rage {unknown}
 n - a potion of mutation {unknown}


   Skills:
 + Level 3.4 Fighting
 + Level 4.9 Ranged Weapons
 + Level 0.2 Armour
 - Level 3.0 Dodging
 - Level 0.7 Stealth


You had 2 spell levels left.
You didn't know any spells.
Your spell library contained the following spells:

 Spells                   Type           Power      Damage    Failure   Level
 Scorch                   Fire           0%         2d5       100%        2
 Flame Wave               Conj/Fire      0%         2d4       100%        4
 Summon Cactus Giant      Summ           0%         N/A       100%        6


Dungeon Overview and Level Annotations

Branches:
Dungeon (2/15)

Altars:

Annotations:
D:2 Sigmund


Innate Abilities, Weirdness & Mutations

You have a pair of horns on your head.
You reflexively headbutt those who attack you in melee.


Message History

You shoot an arrow. The arrow misses the bat.
The bat hits you but does no damage. The bat barely misses you.
You furiously retaliate!
You headbutt the bat. You shoot an arrow. The arrow hits the bat.
You kill the bat!
No target in view!
No target in view!
Sigmund the Dreaded comes into view.
He is wielding a +0 scythe.
You shoot an arrow. The arrow hits Sigmund.
Sigmund is moderately wounded.
You shoot an arrow. The arrow closely misses Sigmund.
You shoot an arrow. The arrow closely misses Sigmund.
Sigmund mumbles some strange words.
Sigmund flickers and vanishes!
Deactivating autopickup; reactivate with Ctrl-A.
A puff of flame appears from out of thin air!
The puff of flame hits you.
No target in view!
No target in view!
No target in view!
Something tries to affect you, but you resist.
You are confused.
You hear some strange, mumbled words.
Something tries to affect you, but you resist.
You bump into the rock wall.
You feel less confused.
You hear some strange, mumbled words.
You are confused.
You bump into the rock wall.
You see here a +0 sling.
You're too confused to move!
Something hits you.
You feel less confused.
A puff of flame appears from out of thin air!
The puff of flame hits you!
A magic dart appears from out of thin air!
The magic dart hits you.
* * * LOW HITPOINT WARNING * * *
A magic dart appears from out of thin air!
The magic dart hits you!
You die...

################.#.####.# #.#.#
#.# #.#.# #.# #### #.#.# #.# #...
################.#.# #.######...
...............#.#(# #......'...
##############.#.#.###########...
##############.#.#...............
................@..........###...
.................#..........#....
######....{.......#...##...#.#.##
.......##########..#..##..#....##
#####.)# ####...#....#...##..
#..# #.......#..#....##.. #..#
#....##..##..##..... #..#
#....##..##..##..... #..#
####....#..#........


There were no monsters in sight!

Vanquished Creatures
  An adder (D:2)
  2 dart slugs
  2 ball pythons (D:1)
  5 endoplasms
  A giant cockroach (D:1)
  4 goblins
  2 hobgoblins
  2 jackals (D:1)
  2 kobolds (D:1)
  2 quokkas
  6 bats
  A frilled lizard (D:1)
  A rat (D:1)
31 creatures vanquished.

Notes
Turn   | Place    | Note
-------+----------+-------------------------------------------
     0 | D:1      | safid the Minotaur Hunter began the quest for the Orb.
     0 | D:1      | Reached XP level 1. HP: 18/18 MP: 0/0
   140 | D:1      | Reached XP level 2. HP: 25/25 MP: 1/1
   570 | D:1      | Reached XP level 3. HP: 31/31 MP: 2/2
  1203 | D:2      | Found a faded altar of an unknown god.
  1431 | D:2      | Noticed Sigmund
  1459 | D:2      | Killed from afar by Sigmund

Illustrated notes

Levels and vault maps discovered:
D:1:      zaba_arrival_water, layout_basic
D:2:      layout_basic, basic_ecumenical_altar,
          hangedman_abyss_or_decor_lesser_grid, minivault_26, uniq_sigmund

Skill      XL: |  1  2  3 |
---------------+----------+-----
Fighting       | 3 |  3.4
Dodging        | 3 |  3.0
Ranged Weapons | |  4.9
Armour         | |  0.2
Stealth        | |  0.7

Action                   || total
-------------------------++-------
 Fire: Shortbow          ||    89
Armor: Leather armour    ||    10
       Chain mail        ||    10
Dodge: Dodged            ||    26
